 Dungeon Sprint DCSS version 0.30-a0-881-g1ff12e1e11 (webtiles) character file.

Game seed: 15639864247338590271

1084 testman the Basher (level 8, -2/144 HPs)
             Began as a Troll Berserker on Mar 14, 2023.
             Was a Priest of Trog.
             Slain by a demonic crawler (8 damage)
             ... in the Dungeon (Sprint I: "Red Sonja").
             The game lasted 00:02:26 (277 turns).

testman the Basher (Troll Berserker)                 Turns: 277, Time: 00:02:27

Health: -2/144     AC:  4    Str: 28    XL:     8   Next: 8%
Magic:  7/7        EV: 10    Int:  3    God:    Trog [***...]
Gold:   405        SH:  0    Dex:  9    Spells: 7/7 levels left

rFire   . . .      SeeInvis .    j - +0 giant club
rCold   . . .      Faith    .    (shield currently unavailable)
rNeg    . . .      Spirit   .    b - +0 animal skin
rPois   .          Reflect  .    (helmet restricted)
rElec   .          Rampage  .    (no cloak)
rCorr   .          NoTele   +    (gloves unavailable)
Will    ++...                    (boots unavailable) Stlth
                                 (no amulet)
HPRegen 2.24/turn                (no ring)
MPRegen 0.10/turn                (no ring)

@: berserking, strong-willed, regenerating, very quick
A: large, unfitting armour, claws 3, regeneration 1, shaggy fur 1, tough skin 1
a: Renounce Religion, Berserk, Trog's Hand


You were in the Dungeon.
You worshipped Trog.
Trog was most pleased with you.
You visited 1 branch You collected 405 gold pieces.

Inventory:

Hand Weapons
 a - a +0 mace
 j - a +0 giant club (weapon)
Armour
 b - a +0 animal skin (worn)
Wands
 i - a wand of charming (3)
Scrolls
 h - a scroll of blinking
Potions
 c - a potion of curing
 d - a potion of heal wounds
 e - a potion of haste
 f - 2 potions of magic
 g - a potion of berserk rage


   Skills:
 + Level 10.9 Fighting
 + Level 11.9 Maces & Flails
 - Level 2.4 Dodging


You had 7 spell levels left.
You didn't know any spells.
Your spell library was empty.

Dungeon Overview and Level Annotations

Branches:
Dungeon (1/1)

Altars:
Makhleb
Sif Muna
Vehumet
Wu Jian
Xom
Jiyva
Lugonu


Innate Abilities, Weirdness & Mutations

You are too large for most types of armour.
You have claws for hands.
Your natural rate of healing is unusually fast.
You are covered in fur. (AC +1)
You have tough skin. (AC +1)


Message History

You start waiting.
You recover from your berserk rage.
You open the door. 4 demonic crawlers come into view.
The demonic crawler gives a hideous shriek! x4
Your skin crawls.
You feel strong-willed. The demonic crawler misses you.
The demonic crawler hits you! The demonic crawler barely misses you.
The demonic crawler completely misses you.
The demonic crawler hits you. x2
Okay, then.
Okay, then.
A red film seems to cover your vision as you go berserk!
You feel yourself moving faster!
You feel mighty! The demonic crawler hits you.
The demonic crawler barely misses you. The demonic crawler hits you! x3
The demonic crawler hits you.
You barely miss the demonic crawler.
The demonic crawler closely misses you. x2
The demonic crawler hits you. The demonic crawler barely misses you.
The demonic crawler hits you but does no damage.
The demonic crawler hits you!
You sock the demonic crawler!
The demonic crawler is lightly wounded.
The demonic crawler closely misses you. The demonic crawler hits you. x3
The demonic crawler closely misses you. The demonic crawler barely misses you.
You bludgeon the demonic crawler!!
The demonic crawler is heavily wounded.
The demonic crawler hits you! The demonic crawler hits you.
The demonic crawler misses you. The demonic crawler hits you!
* * * LOW HITPOINT WARNING * * *
The demonic crawler hits you.
* * * LOW HITPOINT WARNING * * *
The demonic crawler hits you!
* * * LOW HITPOINT WARNING * * *
You barely miss the demonic crawler.
The demonic crawler is moderately wounded.
The demonic crawler hits you!
* * * LOW HITPOINT WARNING * * *
The demonic crawler barely misses you. The demonic crawler hits you!
You die...

##################
.#..'..#__#..)...#
.').#..'..'..#).s##+#
'#####'#__####..@ss.#
.#...#[#### #####s.+
##..##[# ## ##'#_.+
+..._# #_.#'# ##+#[#
###


You could see 4 demonic crawlers.

Vanquished Creatures
  2 kobold demonologists (D)
  A slime creature (D)
  Sigmund (D)
  A floating eye (D)
  An ogre (D)
  A jelly (D)
  Ijyb (D)
8 creatures vanquished.

Notes
Turn   | Place    | Note
-------+----------+-------------------------------------------
     0 | D        | testman the Troll Berserker began the quest for the Orb.
     0 | D        | Reached XP level 1. HP: 22/22 MP: 0/0
     2 | D        | Noticed Ijyb
    38 | D        | Killed Ijyb
    39 | D        | Reached skill level 4 in Maces & Flails
    39 | D        | Reached XP level 2. HP: 27/32 MP: 1/1
    75 | D        | Noticed an ogre
    81 | D        | Killed an ogre
    82 | D        | Reached skill level 5 in Fighting
    82 | D        | Reached skill level 6 in Maces & Flails
    82 | D        | Reached XP level 3. HP: 27/44 MP: 2/2
    82 | D        | Reached XP level 4. HP: 32/52 MP: 3/3
   109 | D        | Noticed Sigmund
   115 | D        | Killed Sigmund
   115 | D        | Reached ** piety under Trog
   116 | D        | Reached skill level 8 in Maces & Flails
   116 | D        | Reached XP level 5. HP: 58/63 MP: 4/4
   116 | D        | Reached XP level 6. HP: 67/72 MP: 5/5
   133 | D        | Found an ornate altar of the Wu Jian Council.
   133 | D        | Found a shimmering blue altar of Sif Muna.
   135 | D        | Found a radiant altar of Vehumet.
   169 | D        | Found a burning altar of Makhleb.
   169 | D        | Found a viscous altar of Jiyva.
   169 | D        | Found a shimmering altar of Xom.
   169 | D        | Found a corrupted altar of Lugonu.
   169 | D        | Noticed a slime creature
   172 | D        | Killed a slime creature
   173 | D        | Reached skill level 10 in Maces & Flails
   209 | D        | Noticed a kobold demonologist
   209 | D        | Noticed a floating eye
   209 | D        | Noticed a kobold demonologist
   211 | D        | Paralysed by a floating eye for 3 turns
   214 | D        | Killed a floating eye
   215 | D        | Reached XP level 7. HP: 83/83 MP: 6/6
   218 | D        | Killed a kobold demonologist
   218 | D        | Reached *** piety under Trog
   219 | D        | Reached skill level 10 in Fighting
   219 | D        | Reached skill level 11 in Maces & Flails
   221 | D        | Killed a kobold demonologist
   222 | D        | Reached XP level 8. HP: 96/96 MP: 7/7
   271 | D        | Noticed a demonic crawler
   271 | D        | Noticed a demonic crawler
   271 | D        | Noticed a demonic crawler
   271 | D        | Noticed a demonic crawler
   277 | D        | HP: 6/144 [demonic crawler (15)]
   277 | D        | Slain by a demonic crawler

Illustrated notes

Levels and vault maps discovered:
D:        dungeon_sprint_1 [red_sonja_temple_1, red_sonja_temple_small_1]

Skill      XL: |  1  2  3  4  5  6  7 |
---------------+----------------------+-----
Fighting       | 4 5 7 9 10 | 10.9
Maces & Flails | 4 6 8 10 11 | 11.9
Dodging        | |  2.4

Action                     |  1- 3 |  4- 6 |  7- 9 || total
---------------------------+-------+-------+-------++-------
  Melee: Mace              |    23 |       |       ||    23
         Giant club        |       |    10 |    10 ||    20
 Invoke: Berserk           |     1 |     2 |     1 ||     4
         Trog's Hand       |       |     1 |     1 ||     2
 Armour: Animal skin       |     3 |     1 |     4 ||     8
  Dodge: Dodged            |    11 |     2 |    13 ||    26

Table legend: (Time is in decaauts)
 A = Elapsed time spent in this place.
 B = Non-inter-level travel time spent in this place.
 C = Inter-level travel time spent in this place.
 D = Time resting spent in this place.
 E = Time spent auto-exploring this place.
 F = Levels seen in this place.
 G = Mean time per level.
                   A        B        C        D        E       F      G
               +--------+--------+--------+--------+--------+-----+--------+
         Total |    307 |    307 |      0 |    136 |      0 |   1 |  307.0 |
       Dungeon |    307 |    307 |      0 |    136 |      0 |   1 |  307.0 |
               +--------+--------+--------+--------+--------+-----+--------+

Top non-repeatable levels by time:
       D: 307 daAuts
